 Dungeon Crawl Stone Soup version 0.25-b1-41-g19641232cd (webtiles) character file.

Game seed: 11555763816227496269

113 Jakers the Conjurer (level 5, -2/35 HPs)
             Began as a Human Wizard on June 8, 2020.
             Killed from afar by Natasha (4 damage)
             ... with a magic dart
             ... on level 2 of the Dungeon.
             The game lasted 00:04:58 (2330 turns).

Jakers the Conjurer (Human Wizard)                  Turns: 2330, Time: 00:04:59

Health: -2/35      AC:  3    Str:  7    XL:     5   Next: 17%
Magic:  1/9        EV: 12    Int: 20    God:
Gold:   51         SH:  0    Dex: 11    Spells: 5/10 levels left

rFire    . . .     SeeInvis .   e - +0 short sword
rCold    . . .     Gourm    .   (no shield)
rNeg     . . .     Faith    .   a - +0 robe
rPois    .         Spirit   .   b - +0 hat
rElec    .         Reflect  .   (no cloak)
rCorr    .         Harm     .   (no gloves)
MR       .....                  g - +0 pair of boots
Stlth    ++........             (no amulet)
HPRegen  0.11/turn              (no ring)
MPRegen  0.11/turn              (no ring)

@: slowed, very slow
A: no striking features
a: no special abilities


You were on level 2 of the Dungeon.
You were not hungry.

You visited 1 branch of the dungeon, and saw 2 of its levels.

You collected 51 gold pieces.

Inventory:

Hand Weapons
 e - a +0 short sword (weapon)
 k - a +1 dagger of holy wrath
Armour
 a - a +0 robe (worn)
 b - a +0 hat (worn)
 g - a +0 pair of boots (worn)
Jewellery
 h - a +6 ring of strength {unknown}
Scrolls
 c - 3 scrolls of remove curse
Potions
 i - a potion of cancellation {unknown}
 j - a potion of berserk rage {unknown}
 l - a potion of heal wounds {unknown}
 m - a potion of magic {unknown}
Comestibles
 d - a ration
 n - 2 chunks of flesh


   Skills:
 - Level 2.0 Dodging
 - Level 2.0 Stealth
 - Level 3.0 Spellcasting
 + Level 4.6 Conjurations
 - Level 1.0 Summonings
 - Level 1.0 Translocations


You had 5 spell levels left.
You knew the following spells:

 Your Spells              Type           Power        Failure   Level  Hunger
a - Magic Dart            Conj           ###.         2%          1    None
b - Blink                 Tloc           N/A          14%         2    ##.....
c - Call Imp              Summ           #.......     14%         2    ##.....

Your spell library contained the following spells:

 Spells                   Type           Power        Failure   Level  Hunger
 Conjure Flame            Conj/Fire      ##......     17%         3    ###....
 Slow                     Hex            #.......     22%         2    ##.....
 Mephitic Cloud           Conj/Pois/Air  #.......     22%         3    ###....


Dungeon Overview and Level Annotations

Branches:
Dungeon (2/15)

Altars:

Annotations:
D:2 Natasha


Message History

The magic dart hits Natasha.
Natasha is severely wounded.
Natasha casts a spell.
Casting: Magic Dart (safe; 2% risk of failure)
Confirm with . or Enter, or press ? or * to list all spells.
You don't have enough magic to cast that spell.
Unknown command.
You hit Natasha.
Natasha is almost dead.
Your crimson imp hits the white imp.
Natasha claws you.
* * * LOW HITPOINT WARNING * * *
Your crimson imp blinks!
Natasha claws you.
* * * LOW HITPOINT WARNING * * *
As you read the scroll of fear, it crumbles to dust.
You assume a fearsome visage.
The white imp is unaffected.
The crimson imp is unaffected.
Natasha looks frightened!
Natasha casts a spell at you. The magic dart hits you.
You die...

.............###.#####
.#.#.###..#..# #.#
.#.#.# #. #..# #.#
.#.#.# #..#..# #.#
.#.#.###..#..###.#####
.#.#.#...............
.....###..#..###.#.#
..........#.รท.5h5..#
..............##@#.#
.#............##.#
.....###.........#
..............####
.#..#######.#.# .#..#
#.### .#..# #.# #..#
#.# #..#


You could see Natasha (fleeing), a crimson imp (summoned) and a white imp
(summoned).

Vanquished Creatures
  Natasha (D:2)
  An adder (D:2)
  2 gnolls (D:1)
  A worm (D:2)
  3 leopard geckos
  5 bats (D:1)
  3 giant cockroaches
  4 goblins
  3 hobgoblins
  6 jackals (D:1)
  6 kobolds
  A ball python (D:2)
  A frilled lizard (D:1)
  4 rats
41 creatures vanquished.

Vanquished Creatures (collateral kills)
  A gnoll (D:2)
  A worm (D:2)
  A dart slug (D:1)
  A jackal (D:1)
  A frilled lizard (D:1)
5 creatures vanquished.

Vanquished Creatures (others)
  4 toadstools (D:1)
4 creatures vanquished.

Grand Total: 50 creatures vanquished

Notes
Turn   | Place    | Note
-------+----------+-------------------------------------------
     0 | D:1      | Jakers the Human Wizard began the quest for the Orb.
     0 | D:1      | Reached XP level 1. HP: 13/13 MP: 4/4
   240 | D:1      | Reached XP level 2. HP: 18/19 MP: 1/6
   251 | D:1      | Reached skill level 2 in Conjurations
   725 | D:1      | Reached XP level 3. HP: 24/24 MP: 1/7
   745 | D:1      | Learned a level 2 spell: Blink
   748 | D:1      | Learned a level 2 spell: Call Imp
   913 | D:1      | Reached skill level 3 in Conjurations
  1734 | D:2      | Noticed Natasha
  1743 | D:2      | Killed Natasha
  1743 | D:2      | Reached XP level 4. HP: 30/30 MP: 0/8
  1850 | D:2      | Reached skill level 4 in Conjurations
  2060 | D:1      | Reached XP level 5. HP: 16/35 MP: 0/9
  2312 | D:2      | Noticed Natasha
  2330 | D:2      | Killed from afar by Natasha

Illustrated notes

Levels and vault maps discovered:
D:1:      ldierk_water_garden, layout_basic, minmay_misc_feat_iff,
          serial_park_tiny_2, minmay_misc_feat_five, minmay_stone_trees_medium,
          grunt_decor_clamped
D:2:      layout_basic, first_ration, uniq_natasha

Skill      XL: |  1  2  3  4 |
---------------+-------------+-----
Conjurations   | 2 3 4 |  4.6
Dodging        | |  2.0
Stealth        | |  2.0
Spellcasting   | |  3.0
Summonings     | |  1.0
Translocations | |  1.0

Action                   |  1- 3 |  4- 6 || total
-------------------------+-------+-------++-------
Melee: Unarmed           |    14 |       ||    14
       Short sword       |    42 |    11 ||    53
 Cast: Magic Dart        |    58 |    34 ||    92
       Call Imp          |     2 |     4 ||     6
       Blink             |     1 |       ||     1
  Use: Scroll            |     3 |     2 ||     5
 Stab: Fleeing           |       |     1 ||     1
  Eat: Chunk             |     2 |       ||     2
       Ration            |       |     1 ||     1
Armor: Robe              |    30 |     6 ||    36
Dodge: Dodged            |    86 |    16 ||   102
